 Dungeon Crawl Stone Soup version 0.28.0-53-g5a82cb258f (webtiles) character file.

Game seed: 17933681520806892423

32342 sanboga the Brawler (level 13, -3/133 HPs)
             Began as a Troll Berserker on July 22, 2022.
             Was a High Priest of Trog.
             Shot with a bolt by an orc warrior (16 damage)
             ... on level 2 of the Orcish Mines on July 26, 2022.
             The game lasted 00:20:32 (13312 turns).

sanboga the Brawler (Troll Berserker)              Turns: 13312, Time: 00:20:33

Health: -3/133     AC: 13    Str: 32    XL:     13   Next: 30%
Magic:  0/12       EV: 12    Int:  3    God:    Trog [*****.]
Gold:   1571       SH:  0    Dex:  9    Spells: 12/12 levels left

rFire   + + .      SeeInvis +     - Unarmed
rCold   + . .      Faith    .   (no shield)
rNeg    . . .      Spirit   +   A - +5 robe of Night {Dark Will+ SInv}
rPois   .          Reflect  .   w - +0 hat {Will+}
rElec   .          Harm     .   v - scarf {rC+ rF+}
rCorr   .          Rampage  .   (gloves unavailable)
Will    ++...                   (boots unavailable)
Stlth   +.........              y - amulet of guardian spirit
HPRegen 1.12/turn               r - +4 ring of protection
MPRegen 0.13/turn               s - ring of protection from fire

@: invisible
A: large, unfitting armour, claws 3, regeneration 1, shaggy fur 1, tough skin 1
a: Renounce Religion, Berserk, Trog's Hand, Brothers in Arms


You were on level 2 of the Orcish Mines.
You worshipped Trog.
Trog was extremely pleased with you.
You visited 2 branches of the dungeon, and saw 15 of its levels.
You also visited: Sewer and Gauntlet.

You collected 2111 gold pieces.
You spent 540 gold pieces at shops.

Inventory:

Hand Weapons
 n - the +10 long sword of Gamantuibor {flame, rN+ Dex+2}
   (You found it on level 3 of the Dungeon)

   It burns those it strikes, dealing additional fire damage.
   Big, fiery blades are also staple armaments of hydra-hunters.
   Dex:       It affects your dexterity (+2).
   rN:        It protects you from negative energy.
Armour
 f - a +2 troll leather armour {Snorg}
 v - a scarf of resistance (worn)
 w - a +0 hat of willpower (worn)
 A - the +5 robe of Night (worn) {Dark Will+ SInv}
   (You found it on level 8 of the Dungeon)

   It shrouds the wearer in darkness, reducing the range at which they can see
   and be seen by others.
   SInv:      It lets you see invisible.
   Will:      It increases your willpower.
Jewellery
 r - a +4 ring of protection (left claw)
 s - a ring of protection from fire (right claw)
 y - an amulet of guardian spirit (around neck)
Wands
 a - a wand of polymorph (6)
 o - a wand of mindburst (13)
 x - a wand of acid (17)
 z - a wand of iceblast (5)
 E - a wand of flame (10)
Scrolls
 b - a scroll of enchant armour
 h - 4 scrolls of teleportation
 j - 3 scrolls of blinking
 q - 3 scrolls of fog
 t - a scroll of summoning
 D - a scroll of magic mapping
Potions
 d - 3 potions of flight
 e - 3 potions of mutation
 g - 2 potions of might
 i - a potion of heal wounds {unknown}
 k - a potion of lignification
 l - a potion of cancellation
 m - a potion of berserk rage
 p - 5 potions of haste
 u - 2 potions of invisibility
 B - a potion of ambrosia {unknown}
 C - a potion of degeneration {unknown}
Miscellaneous
 F - a phantom mirror (inert)


   Skills:
 + Level 10.2 Fighting
 + Level 10.1 Dodging
 * Level 16.4 Unarmed Combat


You had 12 spell levels left.
You didn't know any spells.
Your spell library was empty.

Dungeon Overview and Level Annotations

Branches:
Dungeon (13/15)            Temple (0/1) D:7            Lair (0/6) D:9
    Orc (2/2) D:9           Sewer (visited)         Gauntlet (visited)
    Elf: Orc:2       Vaults: D:13-14

Altars:
Cheibriados
Elyvilon
Fedhas
Gozag
Makhleb
Vehumet
Wu Jian
Zin
Beogh

Shops:
D:1 [   D:8 [   D:11 =   Orc:1 :

Portals:
Trove: D:10 (give 7 scrolls of fog)


Innate Abilities, Weirdness & Mutations

You are too large for most types of armour.
You have claws for hands.
Your natural rate of healing is unusually fast.
You are covered in fur. (AC +1)
You have tough skin. (AC +1)


Message History

Aiming: Phantom Mirror
Press: ? - help, Dir - move target, f - orc warrior
Aim: an orc warrior, wielding a +0 flail, wearing a +0 chain mail and quivering boomerangs of dispersal You reflect the orc warrior with the mirror!
The mirror clouds!
The orc warrior throws a boomerang of dispersal.
The boomerang of dispersal hits you.
* * * LOW HITPOINT WARNING * * *
You blink.
You start resting.
An orc warrior is nearby!
An orc warrior is nearby!
The orc warrior throws a boomerang of dispersal.
The boomerang of dispersal barely misses you.
The orc warrior shouts!
The orc warrior shoots a bolt.
The bolt closely misses you.
The orc warrior hits you with a +0 flail!
* * * LOW HITPOINT WARNING * * *
You mangle the orc warrior!!
The orc warrior is almost dead.
The orc warrior shoots a bolt.
The bolt closely misses you.
You closely miss the orc warrior.
The orc warrior is almost dead.
The orc warrior completely misses you.
You barely miss the orc warrior.
The orc warrior is almost dead.
The orc warrior hits you with a +0 flail!
* * * LOW HITPOINT WARNING * * *
You scratch the orc warrior.
The orc warrior is almost dead.
The orc warrior shoots a bolt.
The bolt hits you!
* * * LOW HITPOINT WARNING * * *
The orc warrior hits you with a +0 flail!
* * * LOW HITPOINT WARNING * * *
You mangle the orc warrior!!
You kill the orc warrior!
Trog accepts your kill.
You fade into invisibility!
The orc warrior shoots a bolt.
The bolt hits you!!
You die...

##################
#..#...............
..........).........
...........@........
o...................
........o...........
o...................
...................
...................
...................
...................
...................


You could see an orc warrior.

Vanquished Creatures
  Gastronok (Orc:1)
  Snorg (D:11)
  A minotaur (Gauntlet)
  The ghost of ZoeForever1 the Carver, a journeyman HuFi of Elyvilon (D:12)
  Josephine (Orc:2)
  A hell beast (Gauntlet)
  2 boulder beetles (D:12)
  2 two-headed ogres
  Urug (Orc:2)
  An orc high priest (Orc:2)
  A sixfirhy (Gauntlet)
  A flayed ghost (D:12)
  3 orc knights
  3 orc sorcerers
  Pikel (D:7)
  2 cyclopes
  An ugly thing (D:10)
  6 slime creatures
  A centaur zombie (D:10)
  A gargoyle (D:11)
  A komodo dragon (D:12)
  A kobold demonologist (D:12)
  5 freezing wraiths (D:12)
  3 trolls
  A hornet (D:9)
  3 dream sheep (D:8)
  3 shadows
  9 flying skulls (Gauntlet)
  7 wraiths
  2 wyverns
  19 yaks
  2 basilisks (D:9)
  A steam dragon (D:10)
  Grum (D:9)
  2 wargs
  2 water moccasins
  A hornet zombie (D:7)
  24 orc warriors
  4 ogres
  2 necrophages
  2 wolves (D:9)
  13 centaurs
  A phantom (D:6)
  8 kobold brigands
  2 bullfrogs (D:8)
  4 gnoll sergeants
  A wyvern skeleton (D:7)
  2 water moccasin skeletons
  11 killer bees (D:11)
  A crimson imp (D:7)
  3 hounds
  10 orc priests
  2 bullfrog skeletons
  An iron imp (D:9)
  5 iguanas
  Terence (D:3)
  A gnoll shaman (D:8)
  15 orc wizards
  A hound zombie (D:5)
  2 howler monkey zombies
  Robin (D:4)
  31 gnolls
  10 adders
  4 river rats
  5 ufetubi
  An adder skeleton (D:4)
  3 dart slugs
  67 orcs
  6 endoplasms
  5 giant cockroaches
  7 goblins
  6 hobgoblins
  2 quokkas
  6 ball pythons
  3 bats
  10 frilled lizards
  23 kobolds
  15 rats
416 creatures vanquished.

Vanquished Creatures (collateral kills)
  A freezing wraith (D:12)
  A flying skull (Gauntlet)
2 creatures vanquished.

Vanquished Creatures (others)
  7 plants (D:9)
7 creatures vanquished.

Grand Total: 425 creatures vanquished

Notes
Turn   | Place    | Note
-------+----------+-------------------------------------------
     0 | D:1      | sanboga the Troll Berserker began the quest for the Orb.
     0 | D:1      | Reached XP level 1. HP: 22/22 MP: 0/0
    89 | D:1      | Found Gulaoray's Antique Armour Shoppe.
   354 | D:1      | Reached XP level 2. HP: 29/29 MP: 1/1
   684 | D:2      | Reached XP level 3. HP: 36/36 MP: 2/2
   883 | D:2      | Found a faded altar of an unknown god.
  1166 | D:3      | Reached skill level 4 in Unarmed Combat
  1166 | D:3      | Reached XP level 4. HP: 30/44 MP: 3/3
  1255 | D:3      | Reached ** piety under Trog
  1341 | D:3      | Reached XP level 5. HP: 53/53 MP: 4/4
  1446 | D:3      | Found an ornate altar of the Wu Jian Council.
  1546 | D:3      | Noticed Terence
  1558 | D:3      | Killed Terence
  1702 | D:3      | Identified the +10 long sword of Gamantuibor {flame, rN+
                  | Dex+2}
  2037 | D:4      | Reached skill level 5 in Unarmed Combat
  2133 | D:4      | Noticed Robin
  2147 | D:4      | Reached XP level 6. HP: 60/61 MP: 5/5
  2177 | D:4      | Killed Robin
  2197 | D:4      | Found a glowing silver altar of Zin.
  2307 | D:4      | Reached *** piety under Trog
  2317 | D:4      | Found a glowing drain.
  2326 | Sewer    | Entered a sewer
  2524 | Sewer    | Reached skill level 6 in Unarmed Combat
  2759 | D:4      | Found a blossoming altar of Fedhas.
  2911 | D:4      | Reached XP level 7. HP: 68/68 MP: 6/6
  2996 | D:5      | Entered Level 5 of the Dungeon
  3341 | D:5      | Found an opulent altar of Gozag.
  3568 | D:5      | Reached **** piety under Trog
  3569 | D:5      | Reached skill level 7 in Unarmed Combat
  3850 | D:6      | Reached XP level 8. HP: 77/79 MP: 7/7
  4255 | D:7      | Noticed Pikel
  4261 | D:7      | Killed Pikel
  4262 | D:7      | Reached skill level 5 in Fighting
  4262 | D:7      | Reached skill level 5 in Dodging
  4262 | D:7      | Reached skill level 8 in Unarmed Combat
  4274 | D:7      | Found a staircase to the Ecumenical Temple.
  4440 | D:7      | Found a radiant altar of Vehumet.
  4440 | D:7      | Found a burning altar of Makhleb.
  4444 | D:7      | Reached XP level 9. HP: 79/88 MP: 8/8
  4535 | D:7      | Reached skill level 9 in Unarmed Combat
  5041 | D:8      | Killed a large slime creature
  5042 | D:8      | Reached skill level 10 in Unarmed Combat
  5449 | D:8      | Reached XP level 10. HP: 73/100 MP: 9/9
  5531 | D:8      | Reached skill level 11 in Unarmed Combat
  5532 | D:8      | Found the +5 robe of Night {Dark Will+ SInv}
  5885 | D:8      | Found Opamaptanukh's Armour Boutique.
  6049 | D:9      | Reached ***** piety under Trog
  6057 | D:9      | Found a staircase to the Lair.
  6258 | D:9      | Received a gift from Trog
  6367 | D:9      | Found a white marble altar of Elyvilon.
  6393 | D:9      | Noticed Grum
  6405 | D:9      | Paralysed by a hornet for 3 turns
  6410 | D:9      | Reached skill level 12 in Unarmed Combat
  6411 | D:9      | Killed Grum
  6589 | D:9      | Noticed a two-headed ogre
  6589 | D:9      | Noticed a cyclops
  6594 | D:9      | Noticed a gargoyle
  6611 | D:9      | Noticed a tengu warrior
  6621 | D:9      | Noticed a cyclops
  6621 | D:9      | Noticed a cyclops
  6621 | D:9      | Noticed a tengu warrior
  6622 | D:9      | Noticed a manticore
  6644 | D:9      | Noticed a manticore
  6876 | D:9      | Found a staircase to the Orcish Mines.
  6886 | D:9      | Reached XP level 11. HP: 101/109 MP: 10/10
  6979 | D:9      | Found a snail-covered altar of Cheibriados.
  7060 | D:9      | Noticed a deep elf pyromancer
  7109 | D:10     | Entered Level 10 of the Dungeon
  7569 | D:10     | Noticed a brown ugly thing
  7663 | D:10     | Found a portal to a secret trove of treasure.
  7669 | D:10     | Identified a scroll of acquirement
  7669 | D:10     | Acquired 728 gold pieces
  7778 | D:10     | Killed a brown ugly thing
  7779 | D:10     | Reached skill level 13 in Unarmed Combat
  7931 | D:10     | Identified the +1 scale mail "Zyamo" {rElec rN+ rCorr}
  8605 | D:11     | Noticed Snorg
  8611 | D:11     | Killed Snorg
  8642 | D:11     | Found Xohunil's Jewellery Boutique.
  8648 | D:11     | Bought a +4 ring of protection for 540 gold pieces
  8797 | D:11     | Found a gate leading to a gauntlet.
  8810 | Gauntlet | Entered a Gauntlet
  8810 | Gauntlet | Found a transporter.
  8811 | Gauntlet | Noticed a sixfirhy
  8812 | Gauntlet | Found a transporter.
  8814 | Gauntlet | Noticed a sixfirhy
  8825 | Gauntlet | Found the +5 sword of Power {vorpal}
  8827 | Gauntlet | Found a transporter.
  8846 | Gauntlet | Found a transporter.
  8865 | Gauntlet | Found a transporter.
  8875 | Gauntlet | Found a transporter.
  8878 | Gauntlet | Noticed a hell beast
  8880 | Gauntlet | Found a transporter.
  8894 | Gauntlet | Found a transporter.
  8899 | Gauntlet | Found a transporter.
  8942 | Gauntlet | Found a transporter.
  8956 | Gauntlet | Found a transporter.
  8984 | Gauntlet | Found a runed translucent door.
  8985 | Gauntlet | Found a transporter.
  8988 | Gauntlet | Found a transporter.
  9161 | Gauntlet | Killed a sixfirhy
  9236 | Gauntlet | Found a transporter.
  9279 | Gauntlet | Reached skill level 14 in Unarmed Combat
  9439 | Gauntlet | Killed a hell beast
  9447 | Gauntlet | Identified the ring "Damiyhudgh" {*Corrode Will+ Int+4
                  | Dex+5}
  9577 | Gauntlet | Noticed a minotaur
  9589 | Gauntlet | Killed a minotaur
  9590 | Gauntlet | Reached XP level 12. HP: 111/122 MP: 11/11
  9599 | Gauntlet | Identified the +8 long sword "Goblinbane" {venom, Fly rF+
                  | rC-}
  9717 | D:11     | Noticed a two-headed ogre
  9722 | D:11     | Killed a two-headed ogre
 10436 | D:12     | Noticed a boulder beetle
 10445 | D:12     | Killed a boulder beetle
 10489 | D:12     | Found a runed translucent gate.
 10490 | D:12     | Found a runed translucent gate.
 10492 | D:12     | Found a runed translucent gate.
 10607 | D:12     | Noticed a boulder beetle
 10614 | D:12     | Killed a boulder beetle
 10920 | D:12     | Reached skill level 15 in Unarmed Combat
 11124 | D:12     | Noticed a two-headed ogre
 11130 | D:12     | Killed a two-headed ogre
 11497 | D:12     | Noticed ZoeForever1's ghost (journeyman HuFi)
 11521 | D:12     | Killed ZoeForever1's ghost
 11712 | Orc:1    | Entered Level 1 of the Orcish Mines
 11913 | Orc:1    | Paralysed by an orc sorcerer for 5 turns
 12163 | Orc:1    | Found Jeqigub's Self-Improvement Boutique.
 12345 | Orc:2    | Entered Level 2 of the Orcish Mines
 12355 | Orc:2    | Reached XP level 13. HP: 133/133 MP: 12/12
 12374 | Orc:1    | Noticed Gastronok
 12509 | Orc:1    | Paralysed by an orc sorcerer for 2 turns
 12516 | Orc:1    | Received a gift from Trog
 12523 | Orc:1    | Killed Gastronok
 12524 | Orc:1    | Reached skill level 10 in Fighting
 12524 | Orc:1    | Reached skill level 16 in Unarmed Combat
 12566 | Orc:1    | You fall into a shaft and drop 1 floor!
 12577 | Orc:2    | Noticed Josephine
 12583 | Orc:2    | Reached skill level 10 in Dodging
 12752 | Orc:2    | Noticed Urug
 12758 | Orc:2    | Killed Urug
 13116 | Orc:2    | Killed Josephine
 13312 | Orc:2    | Shot with a bolt by an orc warrior

Illustrated notes

Levels and vault maps discovered:
D:1:      dpeg_arrival_pond, layout_basic, serial_shops,
          nicolae_shop_hallway_plus
D:2:      layout_loops_ring, dreamdust_ecumenical_altar_statues
D:3:      layout_loops_cross, pdpol_wu_jian_five_deadly_venoms,
          grunt_decor_mini_mirrors, uniq_terence
D:4:      cheibrodos_quashed, layout_cave_pools, fedhas_altar_4,
          mainiacjoe_overflow_alcove_1, portal_sewer_entry_a,
          corexii_hall_statues_l, uniq_robin
D:5:      layout_loops_ring, kennysheep_little_box, grunt_ministairs_4
D:6:      layout_cave_pools, serial_park_tiny_2
D:7:      layout_loops_ring, grunt_temple_overflow_lords_of_destruction,
          minmay_temple_entry_fiery, serial_bayou_crossing, uniq_pikel
D:8:      layout_loops_ring, serial_shops, nicolae_shop_hallway_plus,
          hellmonk_guarded_unrand_night
D:9:      layout_rooms, chei_slow_surprise, pf_just_have_faith,
          minmay_lair_entry_grove, david_orc_4, minivault_12, uniq_grum
D:10:     layout_stronghold, trove_entry_hex_spiral,
          minmay_mirror_moons_of_madness
D:11:     layout_grid_maze, serial_shops, shop, gauntlet_entry_generic,
          palyth_stone_intersect, uniq_snorg
D:12:     layout_loops_corners, gammafunk_ghost_spectres
D:13:     layout_loops_ring, guppyfry_shop_venom
Orc:1:    layout_caves, special_room [special_room_bee], nicolae_shop_self_help,
          uniq_gastronok
Orc:2:    st_orc_rangers, layout_diamond_mine, basic_altar, uniq_urug,
          uniq_josephine

Skill      XL: |  1  2  3  4  5  6  7  8  9 10 11 12 13 |
---------------+----------------------------------------+-----
Unarmed Combat | 4 5 6 7 8 10 12 14 15 16 | 16.4
Fighting       | 3 4 5 6 7 8 9 10 | 10.2
Dodging        | 3 4 5 6 7 8 9 10 | 10.1

Action                   |  1- 3 |  4- 6 |  7- 9 | 10-12 | 13-15 || total
-------------------------+-------+-------+-------+-------+-------++-------
Melee: Unarmed           |    56 |   184 |   195 |   568 |   133 ||  1136
       Punch             |     3 |     2 |     9 |    38 |     9 ||    61
       Long sword        |       |     8 |       |       |       ||     8
Invok: Berserk           |       |     2 |     2 |    15 |     2 ||    21
       Brothers in Arms  |       |       |       |     3 |       ||     3
Evoke: Phantom mirror    |       |       |       |       |     1 ||     1
  Use: Scroll            |       |     7 |     3 |    13 |     6 ||    29
       Potion            |       |     2 |       |     5 |     1 ||     8
 Stab: Sleeping          |       |       |     1 |       |       ||     1
Armor: Animal skin       |    27 |    69 |    44 |       |       ||   140
       Robe              |       |       |       |   257 |    70 ||   327
       Skin              |       |       |       |     2 |       ||     2
Dodge: Dodged            |    22 |    83 |    79 |   383 |   119 ||   686
